 Dungeon Sprint DCSS version 0.27-a0-1416-g941b2bd30b (webtiles) character file.

Game seed: 1129431730309438470

3255 mhtbhm the Eclecticist (level 9, -4/46 HPs)
             Began as a Deep Elf Earth Elementalist on July 1, 2021.
             Was an Elder of Vehumet.
             Slain by a komodo dragon (25 damage)
             ... in the Dungeon (Sprint IX: "|||||||||||||||||||||||||||||").
             The game lasted 00:02:59 (1536 turns).

mhtbhm the Eclecticist (DEEE)                       Turns: 1536, Time: 00:03:00

Health: -4/46      AC:  6    Str:  5    XL:     9   Next: 67%
Magic:  14/32      EV: 18    Int: 24    God:    Vehumet [****..]
Gold:   0          SH:  0    Dex: 15    Spells: 27/42 levels left

rFire    . . .     SeeInvis .   a - +2 rapier (venom)
rCold    . . .     Faith    .   (no shield)
rNeg     . . .     Spirit   .   b - +0 steam dragon scales
rPois    .         Reflect  .   (no helmet)
rElec    .         Harm     .   (no cloak)
rCorr    .         Rampage  .   m - +0 pair of gloves
Will     .....     NoTele   +   (no boots)
Stlth    +++.......             (no amulet)
HPRegen  0.15/turn              n - +2 ring of evasion
MPRegen  0.23/turn              o - +2 ring of evasion

@: no status effects
A: no striking features
a: Renounce Religion


You were in the Dungeon.
You worshipped Vehumet.
Vehumet was greatly pleased with you.
You visited 1 branch

Inventory:

Hand Weapons
 a - a +2 rapier of venom (weapon)
Missiles
 i - 14 stones
Armour
 b - +0 steam dragon scales (worn)
 m - a +0 pair of gloves (worn)
Jewellery
 n - a +2 ring of evasion (left hand)
 o - a +2 ring of evasion (right hand)
Wands
 l - a wand of iceblast (6)
Scrolls
 h - 2 scrolls of blinking
 k - 2 scrolls of amnesia
 p - a scroll of fog
 q - a scroll of identify
 r - 2 scrolls of enchant armour
 s - 4 scrolls of enchant weapon
Potions
 c - 7 potions of curing
 d - 4 potions of heal wounds
 e - a potion of haste
 f - 4 potions of magic
 g - 4 potions of berserk rage
 j - a potion of invisibility


   Skills:
 + Level 0.4 Fighting
 + Level 3.5 Short Blades
 + Level 5.7 Dodging
 + Level 6.6 Stealth
 + Level 17.3 Spellcasting
 + Level 6.6 Transmutations
 + Level 15.4 Earth Magic
 + Level 2.5 Evocations


You had 27 spell levels left.
You knew the following spells:

 Your Spells              Type           Power      Damage    Failure   Level
a - Sandblast             Erth           100%       2d20      0%          1
b - Passwall              Tmut/Erth      54%        N/A       1%          2
c - Stone Arrow           Conj/Erth      100%       3d13      1%          3
d - Lee's Rapid Deconstr  Erth           38%        3d20*     1%          5
e - Petrify               Tmut/Erth      65%        N/A       1%          4

Your spell library contained the following spells:

 Spells                   Type           Power      Damage    Failure   Level
 Hailstorm                Conj/Ice       20%        3d6       7%          4


Dungeon Overview and Level Annotations

Branches:
Dungeon (1/1)

Altars:
Cheibriados
Dithmenos
Elyvilon
Fedhas
Gozag
Hepliaklqana
Kikubaaqudgha
Makhleb
Nemelex Xobeh
Okawaru
Qazlal
Ru
Sif Muna
Trog
Uskayaw
Vehumet
Wu Jian
Xom
Yredelemnul
Zin
The Shining One
Beogh
Jiyva
Lugonu


Message History

Unknown command.
Casting: Lee's Rapid Deconstruction (safe; 1% risk of failure)
Confirm with . or Enter, or press ? or * to list all spells.
Aiming: Lee's Rapid Deconstruction (safe; 1% risk of failure)
Press: ? - help, Dir - move target, p - black mamba An open door to the Lair.
The stone door frame shatters!
The blast of rock fragments hits the komodo dragon!
The komodo dragon is lightly wounded.
The blast of rock fragments hits the black mamba!
The black mamba is almost dead.
The black mamba completely misses you. The black mamba bites you!
You are lethally poisoned!
The black mamba poisons you!
Unknown command.
Unknown command.
Casting: Lee's Rapid Deconstruction (safe; 1% risk of failure)
Confirm with . or Enter, or press ? or * to list all spells.
Aiming: Lee's Rapid Deconstruction (safe; 1% risk of failure)
Press: ? - help, Dir - move target, f - komodo dragon Fragment what (e.g. wall or brittle monster)?: a komodo dragon (lightly wounded)
An open door to the Lair.
The stone door frame shatters!
The blast of rock fragments hits the komodo dragon!
The komodo dragon is moderately wounded.
The blast of rock fragments hits the water moccasin!!
The water moccasin is almost dead.
The blast of rock fragments hits the black mamba!!
You kill the black mamba!
Vehumet accepts your kill.
Vehumet is now extending the range of your destructive spells.
You feel your power returning.
* * * LOW HITPOINT WARNING * * *
You feel very sick.
You hear an angry hiss.
A komodo dragon comes into view.
Unknown command.
You feel better. The komodo dragon bites you!!
Ouch! That really hurt!
You die...

▓▓▓▓▓▓▓▓▓▓▓▓▓▓▓▓▓▓▓▓▓▓▓▓▓▓▓▓▓▓▓▓▓
___________________'.....†....)'.
▓▓▓▓▓▓▓▓▓▓▓▓▓▓▓▓▓▓▓▓▓▓▓▓▓▓▓▓▓▓▓▓▓
.................................
▓▓▓▓▓▓▓▓▓▓▓▓▓▓▓▓▓▓▓▓▓▓▓▓▓▓▓▓▓▓▓▓▓
.l.FSSSl@...?)[.....'....
▓▓▓▓▓▓▓▓▓▓▓▓▓▓▓▓▓▓▓▓▓▓▓▓▓


You could see 2 komodo dragons, a cane toad and 3 water moccasins.

Vanquished Creatures
  A boulder beetle (D)
  A hydra (D)
  A deep elf pyromancer (D)
  A cyclops (D)
  A black mamba (D)
  A troll (D)
  A steam dragon (D)
  An acid dragon (D)
  A water moccasin (D)
  A centaur (D)
  A phantom (D)
  A killer bee (D)
  A hound (D)
  An orc wizard (D)
  An adder skeleton (D)
  An orc (D)
  A bat skeleton (D)
  A bat zombie (D)
  2 endoplasms (D)
  A goblin (D)
  A kobold (D)
  A frilled lizard (D)
  A quokka zombie (D)
24 creatures vanquished.

Notes
Turn   | Place    | Note
-------+----------+-------------------------------------------
     0 | D        | mhtbhm the Deep Elf Earth Elementalist began the quest for
                  | the Orb.
     0 | D        | Reached XP level 1. HP: 10/10 MP: 6/6
     2 | D        | Banished a spatial maelstrom
   159 | D        | Noticed a phantom
   159 | D        | Noticed a hound
   161 | D        | Reached XP level 2. HP: 15/15 MP: 6/8
   182 | D        | Learned a level 2 spell: Passwall
   185 | D        | Reached skill level 4 in Spellcasting
   185 | D        | Reached skill level 5 in Earth Magic
   185 | D        | Reached XP level 3. HP: 18/19 MP: 7/11
   189 | D        | Killed a phantom
   190 | D        | Reached skill level 6 in Spellcasting
   190 | D        | Reached XP level 4. HP: 19/24 MP: 2/14
   282 | D        | Found a snail-covered altar of Cheibriados.
   282 | D        | Found a shadowy altar of Dithmenos.
   282 | D        | Found a white marble altar of Elyvilon.
   282 | D        | Found a blossoming altar of Fedhas.
   282 | D        | Found an opulent altar of Gozag.
   283 | D        | Found a hazy altar of Hepliaklqana.
   284 | D        | Found a viscous altar of Jiyva.
   285 | D        | Found an ancient bone altar of Kikubaaqudgha.
   286 | D        | Found a corrupted altar of Lugonu.
   287 | D        | Found a burning altar of Makhleb.
   288 | D        | Found a sparkling altar of Nemelex Xobeh.
   289 | D        | Found an iron altar of Okawaru.
   290 | D        | Found a stormy altar of Qazlal.
   291 | D        | Found a sacrificial altar of Ru.
   292 | D        | Found a shimmering blue altar of Sif Muna.
   293 | D        | Found a bloodstained altar of Trog.
   294 | D        | Found a hide-covered altar of Uskayaw.
   295 | D        | Found a radiant altar of Vehumet.
   296 | D        | Found an ornate altar of the Wu Jian Council.
   297 | D        | Found a shimmering altar of Xom.
   298 | D        | Found a basalt altar of Yredelemnul.
   299 | D        | Found a glowing silver altar of Zin.
   300 | D        | Found a glowing golden altar of the Shining One.
   303 | D        | Became a worshipper of Vehumet
   342 | D        | Learned a level 3 spell: Stone Arrow
   342 | D        | Noticed a steam dragon
   342 | D        | Noticed a troll
   344 | D        | Reached skill level 7 in Spellcasting
   344 | D        | Reached XP level 5. HP: 28/28 MP: 11/16
   382 | D        | Learned a level 5 spell: Lee's Rapid Deconstruction
   387 | D        | Learned a level 4 spell: Petrify
   391 | D        | Reached skill level 5 in Stealth
   391 | D        | Reached skill level 8 in Spellcasting
   391 | D        | Killed a steam dragon
   391 | D        | Reached * piety under Vehumet
   391 | D        | Offered knowledge of Freeze by Vehumet.
   391 | D        | Killed a troll
   392 | D        | Reached skill level 5 in Dodging
   392 | D        | Reached skill level 11 in Spellcasting
   392 | D        | Reached XP level 6. HP: 26/32 MP: 1/22
   392 | D        | Reached XP level 7. HP: 30/36 MP: 1/24
   404 | D        | Reached ** piety under Vehumet
   527 | D        | Noticed a deep elf pyromancer
   527 | D        | Noticed a boulder beetle
   527 | D        | Noticed a cyclops
   527 | D        | Noticed a six-headed hydra
   535 | D        | Offered knowledge of Static Discharge by Vehumet.
   536 | D        | Reached skill level 12 in Spellcasting
   946 | D        | Killed a cyclops
   947 | D        | Reached skill level 1 in Short Blades
   947 | D        | Reached skill level 13 in Spellcasting
   950 | D        | Killed a six-headed hydra
   950 | D        | Offered knowledge of Dazzling Flash by Vehumet.
   951 | D        | Reached skill level 15 in Spellcasting
   951 | D        | Reached skill level 1 in Evocations
   951 | D        | Reached XP level 8. HP: 15/41 MP: 2/29
   959 | D        | Killed a deep elf pyromancer
   959 | D        | Reached *** piety under Vehumet
   960 | D        | Reached skill level 5 in Transmutations
   960 | D        | Reached XP level 9. HP: 30/45 MP: 2/30
   961 | D        | Reached skill level 16 in Spellcasting
  1280 | D        | Killed a boulder beetle
  1280 | D        | Offered knowledge of Hailstorm by Vehumet.
  1281 | D        | Reached skill level 15 in Earth Magic
  1530 | D        | Noticed a komodo dragon
  1530 | D        | Noticed a black mamba
  1531 | D        | Noticed a cane toad
  1534 | D        | Reached skill level 17 in Spellcasting
  1535 | D        | Killed a black mamba
  1535 | D        | Reached **** piety under Vehumet
  1535 | D        | Noticed a komodo dragon
  1536 | D        | Slain by a komodo dragon

Illustrated notes

Levels and vault maps discovered:
D:        linesprint [early_d, line_temple, items_1, d_10, items_2, lair_1,
          lair_end, items_3, orc_1, orc_end, items_4, d_15, swamp_1, shoals_1,
          snake_1, spider_1, d_20, vaults_1, items_5, swamp_end, shoals_end,
          snake_end, spider_end, vaults_end, d_27, items_6, zot_1, zot_end,
          crypt_end, forest_end, elf_end, slime_end, tomb_end, abyss_end,
          pan_hell_end]

Skill      XL: |  1  2  3  4  5  6  7  8  9 |
---------------+----------------------------+-----
Earth Magic    | 4 5 8 11 13 14 15 | 15.4
Dodging        | 3 4 5 |  5.7
Stealth        | 3 4 6 |  6.6
Spellcasting   | 4 6 7 11 15 17 | 17.3
Transmutations | 2 4 5 6 |  6.6
Short Blades   | 2 3 |  3.5
Evocations     | 1 2 |  2.5
Fighting       | |  0.4

Action                   |  1- 3 |  4- 6 |  7- 9 || total
-------------------------+-------+-------+-------++-------
Melee: Rapier            |       |       |     5 ||     5
 Cast: Sandblast         |    13 |     1 |     5 ||    19
       Stone Arrow       |       |     1 |       ||     1
       Lee's Rapid Decon |       |     3 |    13 ||    16
       Petrify           |       |       |    13 ||    13
Evoke: Wand              |       |       |     4 ||     4
  Use: Potion            |       |       |     2 ||     2
Armor: Robe              |     1 |       |       ||     1
       Steam dragon scal |       |       |     1 ||     1
Dodge: Dodged            |     6 |     2 |    12 ||    20

Table legend: (Time is in decaauts)
 A = Elapsed time spent in this place.
 B = Non-inter-level travel time spent in this place.
 C = Inter-level travel time spent in this place.
 D = Time resting spent in this place.
 E = Time spent auto-exploring this place.
 F = Levels seen in this place.
 G = Mean time per level.
                   A        B        C        D        E       F      G
               +--------+--------+--------+--------+--------+-----+--------+
         Total |   1535 |   1535 |      0 |   1054 |    230 |   1 | 1535.0 |
       Dungeon |   1535 |   1535 |      0 |   1054 |    230 |   1 | 1535.0 |
               +--------+--------+--------+--------+--------+-----+--------+

Top non-repeatable levels by time:
       D: 1535 daAuts
